 Dungeon Crawl Stone Soup version bcrawl-1.39.1 (webtiles) character file.

Game seed: 12409231937159376586

488448 Lazarus1551 the Thaumaturge (level 12, 0/93 HPs)
             Began as an Oni Earth Elementalist on Sept 28, 2023.
             Was a Follower of Ashenzari.
             Slain by a sun demon (18 damage)
             ... summoned by the player character
             ... on level 10 of the Dungeon.
             The game lasted 00:53:30 (10339 turns).

Lazarus1551 the Thaumaturge (OnEE)                 Turns: 10339, Time: 00:53:31

Health: 0/93       AC: 12    Str: 11    XL:     12   Next: 65%
Magic:  0/56       EV: 14    Int: 29    God:    Ashenzari [*.....]
Gold:   698        SH:  0    Dex: 12    Spells: 7/36 levels left

rFire    . . .     GDR:     24% S - staff of power
rCold    x . .     SeeInvis +   (no shield)
rNeg     . . .     Gourm    .   J - +4 moon troll leather armour {Spirit, Regen++ rCorr MP+5}
rPois    .         Faith    .   (helmet restricted)
rElec    +         Spirit   +   z - scarf {stasis}
rCorr    +         Reflect  .   M - +2 pair of gloves
MR       .....                  F - +0 pair of boots
Stlth    ++........             y - amulet of Vision {SInv *Curse} (curse)
HPRegen  1.05/turn              c - ring "Geag" {+Fly rElec rC- MP+9}
MPRegen  0.35/turn              N - ring "Kewanoiw" {rCorr Int+7}

@: flying
A: oni magic, claws 1, fangs 1, horns 1
a: Curse Item, Renounce Religion, Stop Flying


You were on level 10 of the Dungeon.
You worshipped Ashenzari.
Ashenzari was aware of your devotion.
You were hungry.

You visited 2 branches of the dungeon, and saw 11 of its levels.
You also visited: Sewer and Bailey.

You collected 698 gold pieces.

Inventory:

Hand Weapons
 E - a +0 blowgun
 Q - a +3 hand axe of electrocution
 R - the +5 hand crossbow of Abuse {venom, Str+7}
   (You found it on level 8 of the Dungeon)

   It poisons the ammo it fires.
   It affects your strength (+7).
Missiles
 b - 1816 stones
 k - 168 poisoned needles
 p - 164 tomahawks of dispersal {=f}
 B - 68 needles of frenzy {=f}
 H - 597 poisoned tomahawks (quivered)
Armour
 z - a scarf of stasis (worn)
 D - a +0 robe of the Archmagi
 F - a +0 pair of boots (worn)
 I - the +1 ring mail of Ucinluig {Str+4}
   (You took it off a goblin in a bailey)

   It affects your strength (+4).
 J - the +4 moon troll leather armour (worn) {Spirit, Regen++ rCorr MP+5}
   (You took it off a kobold in a bailey)

   It affects your magic capacity (+5).
   It increases your rate of regeneration.
   It provides partial protection from all sources of acid and corrosion.
 M - a +2 pair of gloves (worn)
Magical Staves
 w - an uncursed staff of wizardry
 S - an uncursed staff of power (weapon)
Jewellery
 c - the ring "Geag" (left hand) {+Fly rElec rC- MP+9}
   (You found it in a bailey)

   [ring of flight]

   It makes you vulnerable to cold.
   It insulates you from electricity.
   It affects your magic capacity (+9).
   It lets you fly.
 r - a +4 ring of dexterity
 y - the cursed amulet of Vision (around neck) {SInv *Curse}
   (You found it in the Ecumenical Temple)

   [amulet of nothing]

   It lets you see invisible.
   It curses itself when equipped.
   It has a curse placed upon it.
 N - the ring "Kewanoiw" (right hand) {rCorr Int+7}
   (You took it off a centaur warrior on level 8 of the Dungeon)

   [ring of resist corrosion]

   It affects your intelligence (+7).
   It provides partial protection from all sources of acid and corrosion.
 P - an uncursed amulet of the gourmand
 Y - an uncursed ring of positive energy
Wands
 V - a wand of clouds (5)
 W - a wand of iceblast (4)
 Z - a wand of disintegration (10)
Scrolls
 d - 3 scrolls of enchant weapon
 f - 2 scrolls of immolation {unknown}
 g - 3 scrolls of blinking {unknown}
 h - 4 scrolls of teleportation
 i - a scroll of vulnerability {unknown}
 l - 10 scrolls of remove curse {unknown}
 q - 2 scrolls of amnesia {unknown}
 s - a scroll of revelation {unknown}
 v - 4 scrolls of fog {unknown}
 K - 2 scrolls of noise {unknown}
 L - a scroll of fear
Potions
 a - 3 potions of curing
 j - a potion of degeneration {unknown}
 m - 2 potions of mutation
 n - 2 potions of might
 o - 3 potions of heal wounds
 t - 9 potions of flight
 u - 2 potions of magic
 x - a potion of cancellation {unknown}
 A - a potion of haste {unknown}
 C - a potion of lignification {unknown}
 G - a potion of brilliance {unknown}
Comestibles
 e - 15 rations {!d}
 U - 5 chunks of flesh


   Skills:
 * Level 4.8(5.1) Fighting
 - Level 3.6(3.9) Staves
 + Level 1.6(1.8) Throwing
 + Level 5.4(5.7) Dodging
 - Level 3.0(3.2) Stealth
 - Level 1.7(1.9) Unarmed Combat
 * Level 12.9(13.2) Spellcasting
   Level 12.9(13.2) Conjurations
   Level 12.9(13.2) Hexes
   Level 12.9(13.2) Charms
   Level 12.9(13.2) Summonings
   Level 12.9(13.2) Necromancy
   Level 12.9(13.2) Translocations
   Level 12.9(13.2) Transmutations
   Level 12.9(13.2) Fire Magic
   Level 12.9(13.2) Ice Magic
   Level 12.9(13.2) Air Magic
   Level 12.9(13.2) Earth Magic
   Level 12.9(13.2) Poison Magic


You had 7 spell levels left.
You knew the following spells:

 Your Spells              Type           Power        Failure   Level  Hunger
a - Sandblast             Erth           ######       0%          1    None
b - Shackle               Hex            #######.     0%          2    None
c - Stone Arrow           Conj/Erth      ######       1%          3    None
d - Regeneration          Chrm/Necr      #######...   1%          3    None
e - Swiftness             Chrm/Air       #######.     1%          2    None
f - Lee's Rapid Deconstr  Erth           #######...   1%          5    #......
g - Summon Demon          Summ           #######...   1%          5    #......
h - Passwall              Tmut/Erth      #######.     1%          2    None
i - Dispersal             Tloc           #######...   1%          6    ####...

Your spell library contained the following spells:

 Spells                   Type           Power        Failure   Level  Hunger
 Petrify                  Tmut/Erth      #######...   1%          4    None
 Iskenderun's Battlesphe  Conj/Chrm      #######.     1%          5    #......


Dungeon Overview and Level Annotations

Branches:
Dungeon (10/12)            Temple (1/1) D:4            Lair (0/6) D:7
    Orc: D:8-11

Altars:
Ashenzari
Cheibriados
Dithmenos
Fedhas
Gozag
Hepliaklqana
Kikubaaqudgha
Lugonu
Makhleb
Nemelex Xobeh
Okawaru
Qazlal
Ru
Sif Muna
Trog
Uskayaw
Vehumet
Wu Jian
Xom
Yredelemnul

Annotations:
D:5 1 runed translucent door, akrox's ghost, weakling HOFi


Innate Abilities, Weirdness & Mutations

You learn spells by gaining experience, not through books or religion.
You only train spellcasting to practice magic.
You have sharp fingernails.
You have very sharp teeth.
You have a pair of small horns on your head.


Message History

Okay, then.
Casting: Summon Demon (safe; 1% risk of failure)
Confirm with . or Enter, or press ? or * to list all spells.
Aiming: Lee's Rapid Deconstruction (safe; 1% risk of failure)
Press: ? - help, Dir - move target cursor, p - large slime creature The wall shatters!
The blast of rock fragments hits the large slime creature!!
The large slime creature is almost dead.
The blast of rock fragments hits the sun demon!!
The sun demon is almost dead.
The sun demon hits you!
You are engulfed in flames!
Casting: Lee's Rapid Deconstruction (safe; 1% risk of failure)
Confirm with . or Enter, or press ? or * to list all spells.
You don't have enough magic to cast that spell.
You are feeling hungry.
There is an open door here.
The sun demon hits you!
* * * LOW HITPOINT WARNING * * *
You are engulfed in flames!!
You die...

###.))## #........##
##[## ######'#### ##.#
#####...# #ยง.# #.....###
#J## ##'###### ###'##
####.......#####
#....###..'.......'...#
#...J##..##.......###..
#....3@.###.......# ###
#....#### #.......#
##'### ######### #.###
#...## ###..# #######'##
#......>.##############
#........'............###


You could see a large slime creature and a sun demon.

Vanquished Creatures
  A two-headed ogre (D:8)
  2 centaur warriors
  An unseen horror (D:8)
  2 orc knights (Bailey)
  4 ugly things
  A manticore (D:8)
  A slime creature (D:10)
  A komodo dragon (D:8)
  2 trolls
  Prince Ribbit (D:5)
  6 hippogriffs
  Grinder (D:5)
  Grum (D:9)
  7 yaks
  2 basilisks (D:7)
  4 hungry ghosts
  A crocodile (D:7)
  An acid dragon (D:8)
  6 orc warriors
  4 porcupines
  Purgy (Sewer)
  3 black bears
  A hornet zombie (D:10)
  2 sky beasts (D:5)
  3 ice beasts
  11 ogres
  3 phantoms
  2 wolves (D:9)
  3 bullfrogs
  A kobold brigand (D:6)
  A wyvern zombie (D:7)
  A centaur (D:7)
  2 wyvern skeletons
  3 scorpions
  7 killer bees
  6 orc priests
  2 howler monkeys
  7 crimson imps
  2 jellies
  5 hounds
  2 quasits
  A bullfrog skeleton (D:3)
  3 iguanas
  12 orc wizards
  Jessica (D:2)
  9 worker ants
  2 hound zombies
  2 hound skeletons
  Robin (D:2)
  2 worker ant zombies
  A howler monkey zombie (D:7)
  4 gnolls (Bailey)
  A howler monkey skeleton (D:9)
  8 adders
  3 shadow imps
  2 oozes (D:3)
  2 adder zombies
  An adder skeleton (D:6)
  A dart slug (D:1)
  5 leopard geckos (D:1)
  32 orcs
  4 ball pythons
  2 bats
  6 giant cockroaches
  6 hobgoblins
  3 jackals
  21 kobolds
  5 quokkas
  10 frilled lizards
  5 goblins
  A jackal skeleton (D:5)
  5 rats
278 creatures vanquished.

Vanquished Creatures (collateral kills)
  A two-headed ogre (D:8)
  A centaur warrior (D:8)
  2 ugly things (D:8)
  2 yaks
  A basilisk (D:7)
  A water moccasin (D:8)
  A crocodile (D:7)
  An orc warrior (D:8)
  A cane toad skeleton (D:8)
  An ice beast (D:7)
  A sky beast (D:7)
  3 killer bees (D:7)
  An orc priest (D:7)
  A crimson imp (D:10)
  A bullfrog zombie (D:7)
  An iguana (D:7)
  A worker ant (D:8)
  An adder (D:10)
  6 orcs
  4 jackals
  A quokka (D:8)
  A plant (D:7)
34 creatures vanquished.

Vanquished Creatures (others)
  A fungus (D:7)
  7 plants (D:7)
8 creatures vanquished.

Grand Total: 320 creatures vanquished

Notes
Turn   | Place    | Note
-------+----------+-------------------------------------------
     0 | D:1      | Lazarus1551 the Oni Earth Elementalist began the quest for
                  | the Orb.
     0 | D:1      | Reached XP level 1. HP: 14/14 MP: 6/6
    90 | D:1      | Reached XP level 2. HP: 20/20 MP: 4/7
   122 | D:1      | Found an iron altar of Okawaru.
   573 | D:1      | Reached XP level 3. HP: 26/26 MP: 6/8
   721 | D:2      | Noticed Robin
   736 | D:2      | Killed Robin
   790 | D:2      | Found a sparkling altar of Nemelex Xobeh.
   790 | D:2      | Noticed Jessica
   794 | D:2      | Killed Jessica
   795 | D:2      | Reached XP level 4. HP: 32/33 MP: 6/10
   893 | D:2      | Reached skill level 3 in Spellcasting
  1254 | D:3      | Reached XP level 5. HP: 38/38 MP: 8/12
  1363 | D:3      | Found a glowing drain.
  1426 | Sewer    | Entered a sewer
  1485 | Sewer    | Noticed Purgy
  1495 | Sewer    | Learned a level 2 spell: Shackle
  1500 | Sewer    | Killed Purgy
  1501 | Sewer    | Reached skill level 4 in Spellcasting
  1501 | Sewer    | Reached XP level 6. HP: 45/45 MP: 7/14
  2364 | D:4      | Found a glowing silver altar of Zin.
  2365 | D:4      | Noticed an angel
  2430 | D:4      | Reached XP level 7. HP: 50/50 MP: 7/16
  2452 | D:4      | Found a staircase to the Ecumenical Temple.
  2467 | Temple   | Entered the Ecumenical Temple
  2559 | Temple   | Became a worshipper of Ashenzari the Shackled
  2560 | Temple   | Found the cursed amulet of Vision {SInv *Curse}
  2614 | D:4      | Reached skill level 5 in Spellcasting
  2625 | D:4      | Learned a level 3 spell: Stone Arrow
  3357 | D:4      | Found a white marble altar of Elyvilon.
  3453 | D:5      | Entered Level 5 of the Dungeon
  3481 | D:5      | Found a runed translucent door.
  3482 | D:5      | Noticed akrox's ghost (weakling HOFi)
  3512 | D:5      | Reached XP level 8. HP: 48/57 MP: 6/18
  3529 | D:5      | Reached skill level 6 in Spellcasting
  3657 | D:5      | Noticed Grinder
  3731 | D:5      | Learned a level 3 spell: Regeneration
  3734 | D:5      | Learned a level 2 spell: Swiftness
  3740 | D:5      | Learned a level 5 spell: Lee's Rapid Deconstruction
  3803 | D:5      | Killed Grinder
  3804 | D:5      | Reached skill level 1 in Fighting
  3804 | D:5      | Reached skill level 1 in Staves
  4121 | D:5      | Reached skill level 7 in Spellcasting
  4199 | D:5      | Reached XP level 9. HP: 64/64 MP: 12/21
  4216 | D:5      | Found a shimmering altar of Xom.
  4306 | D:5      | Noticed Prince Ribbit
  4309 | D:5      | Killed Prince Ribbit
  4694 | D:6      | Reached skill level 8 in Spellcasting
  5450 | D:7      | Noticed a troll
  5469 | D:7      | Killed a troll
  5470 | D:7      | Reached skill level 9 in Spellcasting
  5470 | D:7      | Reached XP level 10. HP: 73/73 MP: 2/25
  5861 | D:7      | Learned a level 5 spell: Summon Demon
  6400 | D:7      | Found a staircase to the Lair.
  6500 | D:7      | Reached skill level 10 in Spellcasting
  6675 | D:7      | Found an ornate altar of the Wu Jian Council.
  6675 | D:7      | Found an opulent altar of Gozag.
  7044 | D:8      | Got the uncursed ring mail of Nuecepi {rElec rC+ MR- Dex+2}
  7058 | D:8      | Reached XP level 11. HP: 80/80 MP: 17/27
  7068 | D:8      | Reached * piety under Ashenzari
  7117 | D:8      | Noticed a manticore
  7133 | D:8      | Killed a manticore
  7181 | D:8      | Reached skill level 11 in Spellcasting
  7330 | D:8      | Noticed a two-headed ogre
  7659 | D:8      | Killed a two-headed ogre
  7983 | D:8      | Reached skill level 5 in Dodging
  8062 | D:8      | Learned a level 2 spell: Passwall
  8117 | D:8      | Found a burning altar of Makhleb.
  8266 | D:8      | Noticed a two-headed ogre
  8270 | D:8      | Identified the cursed +1 robe of Optimism {*Corrode rF+ rC+
                  | Int+2}
  8270 | D:8      | Identified the ring "Kewanoiw" {rCorr Int+7}
  8270 | D:8      | Noticed a centaur warrior
  8272 | D:8      | Noticed an unseen horror
  8279 | D:8      | Killed an unseen horror
  8279 | D:8      | Killed a two-headed ogre
  8282 | D:8      | Killed a centaur warrior
  8287 | D:8      | Noticed a cyan ugly thing
  8413 | D:8      | Noticed a brown ugly thing
  8413 | D:8      | Noticed a green ugly thing
  8413 | D:8      | Noticed a purple ugly thing
  8415 | D:8      | Noticed a centaur warrior
  8416 | D:8      | Killed a green ugly thing
  8418 | D:8      | Killed a cyan ugly thing
  8419 | D:8      | Reached skill level 12 in Spellcasting
  8420 | D:8      | Killed a cyan ugly thing
  8421 | D:8      | Reached XP level 12. HP: 91/91 MP: 8/30
  8426 | D:8      | Killed a centaur warrior
  8608 | D:8      | Got the hand crossbow of Abuse {venom, Str+7}
  8979 | D:9      | Noticed a centaur warrior
  8993 | D:9      | Killed a centaur warrior
  9363 | D:9      | Noticed Grum
  9374 | D:9      | Killed Grum
  9445 | D:10     | Entered Level 10 of the Dungeon
  9655 | D:10     | Found a flagged portal.
  9684 | D:10     | Learned a level 6 spell: Dispersal
  9689 | Bailey   | Entered a bailey
  9689 | Bailey   | Identified the ring "Geag" {+Fly rElec rC- MP+9}
  9704 | Bailey   | Identified the +1 ring mail of Ucinluig {Str+4}
 10170 | D:10     | Reached skill level 1 in Throwing
 10322 | D:10     | Noticed a sun demon
 10339 | D:10     | Slain by a sun demon

Skill      XL: |  1  2  3  4  5  6  7  8  9 10 11 12 |
---------------+-------------------------------------+-----
Stealth        | 2 3 |  3.0
Dodging        | 2 3 4 5 |  5.4
Spellcasting   | 3 4 5 7 9 10 12 | 12.9
Fighting       | 1 2 4 |  4.8
Staves         | 2 3 |  3.6
Throwing       | 1 |  1.6
Unarmed Combat | |  1.7
Conjurations   | | 12.9
Hexes          | | 12.9
Charms         | | 12.9
Summonings     | | 12.9
Necromancy     | | 12.9
Translocations | | 12.9
Transmutations | | 12.9
Fire Magic     | | 12.9
Ice Magic      | | 12.9
Air Magic      | | 12.9
Earth Magic    | | 12.9
Poison Magic   | | 12.9

Action                   |  1- 3 |  4- 6 |  7- 9 | 10-12 || total
-------------------------+-------+-------+-------+-------++-------
Melee: Unarmed           |    48 |    93 |       |       ||   141
       Bite              |     2 |     7 |     5 |    13 ||    27
       Headbutt          |     4 |     8 |    13 |    25 ||    50
       Punch             |       |     1 |     1 |     2 ||     4
       Staff             |       |    10 |    56 |   105 ||   171
Throw: Tomahawk          |       |       |       |    47 ||    47
 Cast: Sandblast         |    11 |    41 |    27 |    47 ||   126
       Shackle           |       |     2 |    12 |    17 ||    31
       Stone Arrow       |       |       |    90 |   128 ||   218
       Lee's Rapid Decon |       |       |     5 |    29 ||    34
       Summon Demon      |       |       |       |    16 ||    16
       Regeneration      |       |       |       |     4 ||     4
       Passwall          |       |       |       |     7 ||     7
       Dispersal         |       |       |       |     1 ||     1
 Abil: Evoke Flight      |       |       |       |     1 ||     1
Evoke: Wand              |       |       |       |     2 ||     2
  Use: Scroll            |       |       |     4 |     5 ||     9
       Potion            |       |       |     1 |     4 ||     5
 Stab: Distracted        |     1 |       |       |     1 ||     2
       Sleeping          |       |     1 |       |     1 ||     2
  Eat: Chunk             |       |     8 |    13 |    31 ||    52
       Ration            |       |       |     2 |       ||     2
Armor: Animal skin       |     9 |    18 |     4 |       ||    31
       Robe              |       |       |    10 |    32 ||    42
       Troll leather arm |       |       |       |     4 ||     4
Dodge: Dodged            |    41 |    66 |    69 |   158 ||   334
